 Dungeon Crawl Stone Soup version 0.24-a0-520-g8fd06ad0bc (webtiles) character file.

Game seed: 3185106065000514250

42 Arthanis the Firebug (level 3, 0/19 HPs)
             Began as a Deep Elf Fire Elementalist on July 26, 2019.
             Succumbed to an adder's poison
             ... on level 2 of the Dungeon.
             The game lasted 00:02:36 (533 turns).

Arthanis the Firebug (Deep Elf Fire Elementalist)    Turns: 533, Time: 00:02:37

Health: 0/19       AC:  3    Str:  5    XL:     3   Next: 33%
Magic:  7/10       EV: 13    Int: 20    God:
Gold:   19         SH:  0    Dex: 15    Spells: 5/9 levels left

rFire    . . .     SeeInvis .   k - +0 short sword
rCold    . . .     Gourm    .   (no shield)
rNeg     + . .     Faith    .   a - +0 robe
rPois    .         Spirit   .   h - +0 helmet
rElec    .         Reflect  .   (no cloak)
rCorr    .         Harm     .   (no gloves)
MR       .....                  (no boots)
Stlth    +.........             (no amulet)
HPRegen  0.06/turn              i - ring of positive energy
MPRegen  0.12/turn              (no ring)

@: lethally poisoned (0 -> -6), very slow
A: no striking features
a: no special abilities


You were on level 2 of the Dungeon.
You were not hungry.

You visited 1 branch of the dungeon, and saw 2 of its levels.

You collected 19 gold pieces.

Inventory:

Hand Weapons
 f - a +0 whip
 k - a +0 short sword (weapon)
Armour
 a - a +0 robe (worn)
 h - a +0 helmet (worn)
Jewellery
 i - a ring of positive energy (left hand)
Scrolls
 e - a scroll of immolation {unknown}
 g - a scroll of fog {unknown}
 j - a scroll of amnesia {unknown}
 l - a scroll of fear {unknown}
 n - 3 scrolls of identify {unknown}
 o - 2 scrolls of magic mapping {unknown}
Comestibles
 c - 2 rations
 d - 4 chunks of flesh


   Skills:
 - Level 2.4 Dodging
 - Level 2.4 Stealth
 + Level 3.5 Spellcasting
 * Level 2.4 Conjurations
 * Level 4.0 Fire Magic


You had 5 spell levels left.
You knew the following spells:

 Your Spells              Type           Power        Failure   Level  Hunger
a - Flame Tongue          Conj/Fire      ###..        3%          1    None
b - Conjure Flame         Conj/Fire      ###.....     11%         3    ###....

Your spell library contained the following spells:

 Spells                   Type           Power        Failure   Level  Hunger
 Throw Flame              Conj/Fire      ###...       5%          2    ##.....
 Inner Flame              Hex/Fire       ##......     19%         3    ###....
 Sticky Flame             Conj/Fire      ###.....     34%         4    ####...
 Fireball                 Conj/Fire      ###.......   69%         5    ######.


Dungeon Overview and Level Annotations

Branches:
Dungeon (2/15)

Altars:

Annotations:
D:2 Sigmund


Message History

You are more poisoned.
The adder poisons you!
It was a potion of curing.
You feel better. The adder bites you.
* * * LOW HITPOINT WARNING * * *
The adder bites you.
* * * LOW HITPOINT WARNING * * *
The hobgoblin barely misses you.
You hear a splashing noise.
It was a potion of cancellation.
You feel magically purged.
Your magical contamination has completely faded away.
The adder bites you but does no damage. The adder closely misses you.
The hobgoblin misses you.
Okay, then.
The adder bites you but does no damage. The adder bites you.
* * * LOW HITPOINT WARNING * * *
The adder closely misses you. The adder bites you.
* * * LOW HITPOINT WARNING * * *
You are lethally poisoned!
The adder poisons you!
You die...

#.#...........#######..#
#.............# #..#
###...###.....# #..# #..(#
#.....# #..# #...# #######
####..# #.).# #<# ###≈≈≈≈.#
≈≈≈###)######.# ###≈≈≈≈≈≈.#
.≈≈≈≈≈≈.)...##.###≈≈≈≈≈≈≈≈.#
.≈≈≈≈≈≈≈≈≈≈.†..@≈Sg≈≈≈≈≈≈..#
.≈≈≈≈≈≈≈≈≈≈≈≈≈≈≈≈S≈≈≈≈≈≈......
.8≈≈≈≈≈≈≈≈≈≈≈≈≈≈≈≈≈g≈≈.....###
.8###≈≈≈≈≈≈≈≈≈≈≈≈≈{≈...###.# .
#####≈≈≈≈≈≈≈≈#...##.. .#
##########....#.## # #..#.#.#
#..#.#


You could see 2 adders, a hobgoblin and a goblin.

Vanquished Creatures
  2 oozes (D:1)
  A dart slug (D:1)
  3 bats (D:1)
  A giant cockroach (D:1)
  6 hobgoblins
  3 jackals (D:1)
  A frilled lizard (D:1)
  4 goblins
  5 kobolds
  2 rats (D:1)
28 creatures vanquished.

Notes
Turn   | Place    | Note
-------+----------+-------------------------------------------
     0 | D:1      | Arthanis the Deep Elf Fire Elementalist began the quest for
                  | the Orb.
     0 | D:1      | Reached XP level 1. HP: 10/10 MP: 6/6
    95 | D:1      | Reached XP level 2. HP: 13/15 MP: 5/8
   247 | D:1      | Reached XP level 3. HP: 17/19 MP: 2/9
   252 | D:1      | Learned a level 3 spell: Conjure Flame
   476 | D:2      | Reached skill level 4 in Fire Magic
   522 | D:2      | Noticed Sigmund
   533 | D:2      | Succumbed to an adder's poison

Levels and vault maps discovered:
D:1:      dpeg_arrival_shrine, layout_rooms
D:2:      wander_river, layout_basic, lemuel_blue_sif_altar,
          grunt_temple_overflow_cloverleaf, uniq_natasha, uniq_sigmund

Skill      XL: |  1  2  3 |
---------------+----------+-----
Conjurations   | 2 |  2.4
Fire Magic     | 4 |  4.0
Dodging        | |  2.4
Stealth        | |  2.4
Spellcasting   | |  3.5

Action                   || total
-------------------------++-------
Melee: Whip              ||     2
       Unarmed           ||     1
       Short sword       ||     1
 Cast: Flame Tongue      ||    42
  Use: Potion            ||     2
Armor: Robe              ||     9
Dodge: Dodged            ||    35

Table legend:
 A = Non-vault XP
 B = Vault XP
 C = Vault XP percentage of total XP
 D = Non-vault monster count
 E = Vault monster count
 F = Vault count percentage of total count
                 A         B        C        D         E       F
            +---------+---------+-------+---------+---------+-------
      Total |      60 |       0 |   0.0 |      28 |       0 |   0.0
            +---------+---------+-------+---------+---------+-------
        D:1 |      51 |       0 |   0.0 |      23 |       0 |   0.0
        D:2 |       9 |       0 |   0.0 |       5 |       0 |   0.0
            +---------+---------+-------+---------+---------+-------
